Map: Seeds of Aiur

Players

JaySlays - Winner!

  • Race: Protoss Protoss
  • Spawn Location: 7:00

Wolf - Winner!

  • Race: Zerg Zerg
  • League: Diamond
  • Spawn Location: 7:00

PmGab

  • Race: Protoss Protoss
  • League: Gold
  • Spawn Location: 1:00

Reinhearth

  • Race: Terran Terran
  • League: Platinum
  • Spawn Location: 1:00

VOD

Have the link to the VOD?

Description

Time

  • Played on: April 22, 2018, 12:43 a.m.
  • Length: 12:24
Show
View Real Time Build Order
Export as new Build Order

JaySlays Protoss - Winner!

Build Orders: Zealot Archon, Dark Templar Rush 

Get SALT Encoding   

  12  0:01  Probe  
  13  0:13  Probe  
  14  0:19  Pylon  
  14  0:25  Probe  
  15  0:29  Assimilator  
  15  0:40  Probe  
  15  0:41  Gateway  
  15  0:48  Probe  
  17  0:58  Probe  
  18  1:06  Probe  
  19  1:14  Probe  
  19  1:21  Assimilator  
  19  1:25  Probe  
  20  1:31  Cybernetics Core  
  21  1:37  Probe  
  22  1:47  Warp Gate  
  22  1:49  Probe  
  23  2:02  Pylon  
  23  2:07  Gateway  
  23  2:12  Twilight Council  
  23  2:20  Probe  
  24  2:27  Robotics Facility  
  24  2:57  Dark Shrine  
  24  3:02  Gateway  
  24  3:06  Gateway  
  24  3:13  Warp Prism  
  24  3:18  Pylon  
  26  3:55  Nexus  
  26  4:00  Probe  
  27  4:08  Pylon  
  27  4:13  Dark Templar x2  
  27  4:14  Dark Templar  
  33  4:38  Dark Templar  
  33  4:44  Dark Templar  
  35  4:54  Probe  
  36  5:06  Probe  
  37  5:12  Pylon  
  37  5:19  Probe  
  34  5:28  Probe  
  34  5:31  Probe  
  32  5:36  Probe  
  32  5:39  Probe  
  32  5:40  Immortal  
  33  5:45  Probe  
  33  5:46  Zealot x4  
  33  5:48  Probe  
  47  5:52  Charge  
  47  5:55  Shield Battery  
  48  5:57  Probe  
  48  6:00  Probe  
  50  6:05  Forge  
  50  6:09  Probe  
  51  6:15  Probe  
  52  6:20  Shield Battery  
  52  6:21  Probe  
  53  6:28  Probe  
  54  6:33  Probe  
  54  6:35  Assimilator  
  54  6:36  Assimilator  
  54  6:39  Photon Cannon  
  55  6:40  Probe  
  55  6:45  Probe  
  47  6:52  Probe  
  47  6:53  Zealot x2  
  47  6:54  Zealot x2  
  56  6:57  Probe  
  57  7:04  Probe  
  58  7:10  Probe  
  58  7:12  Immortal  
  63  7:24  Pylon  
  63  7:25  Pylon  
  63  7:26  Photon Cannon  
  63  7:33  Dark Templar x3  
  69  7:38  Pylon  
  69  7:51  Warp Prism  
  69  7:52  Archon  
  71  7:59  Nexus  
  71  8:04  Templar Archives  
  65  8:20  Probe x2  
  65  8:22  Gateway  
  65  8:24  Gateway  
  65  8:26  Pylon  
  67  8:28  Zealot x2  
  67  8:29  Zealot  
  67  8:30  Zealot  
  67  8:32  Probe  
  76  8:38  Probe  
  77  8:44  Probe  
  78  8:50  Probe  
  78  8:55  High Templar x4  
  83  8:56  Probe  
  83  9:02  Probe, Archon  
  89  9:03  Archon  
  89  9:04  Gateway  
  89  9:06  Gateway  
  89  9:15  Immortal  
  89  9:19  Probe x3  
  89  9:22  Assimilator  
  92  9:26  Assimilator  
  97  9:31  Probe  
  95  9:58  Immortal  
  95  10:01  High Templar x3  
  95  10:02  High Templar x3  
  95  10:05  Archon  
  95  10:06  Archon x2  
  105  10:36  Zealot x3  
  105  10:37  Zealot x3  
  109  11:01  Forge  
  109  11:02  Zealot x4  
  109  11:03  Zealot  
  117  11:10  Pylon  
  105  11:11  Pylon  
  105  11:13  Pylon  
  105  11:14  Pylon  
  91  11:30  Zealot x4  
  91  11:31  Zealot x4  
  105  11:37  Immortal  
  101  11:42  Probe  
  101  11:43  Probe x2  
  101  11:47  Pylon  
  98  11:55  Probe x2  
  92  12:03  High Templar x5  
  92  12:04  High Templar x3  
  104  12:13  Archon  
  104  12:14  Archon x2  
  104  12:15  Archon  
Show
View Real Time Build Order
Export as new Build Order

Wolf Zerg - Winner!

Build Orders: Hatch First 

Get SALT Encoding   

  12  0:01  Drone  
  13  0:13  Overlord  
  13  0:21  Drone  
  14  0:32  Drone  
  14  0:33  Drone  
  16  0:42  Drone  
  17  0:57  Hatchery  
  17  1:01  Drone  
  17  1:03  Drone  
  18  1:14  Extractor  
  18  1:18  Spawning Pool  
  16  1:21  Drone  
  16  1:24  Drone  
  18  1:39  Drone  
  19  1:41  Overlord  
  19  1:54  Drone  
  20  2:06  Queen  
  22  2:09  Queen  
  22  2:10  Zergling x4  
  22  2:14  Drone  
  27  2:29  Drone, Zergling x2  
  29  2:35  Metabolic Boost  
  29  2:49  Drone x3  
  29  2:51  Hatchery  
  31  3:03  Drone x3  
  34  3:11  Drone x2  
  36  3:22  Baneling Nest  
  36  3:24  Overlord  
  36  3:26  Evolution Chamber, Overlord  
  34  3:53  Drone x6  
  40  3:56  Extractor  
  40  3:57  Zerg Melee Weapons Level 1  
  40  3:58  Extractor  
  40  4:02  Drone x4  
  42  4:03  Drone x2  
  42  4:04  Drone  
  42  4:09  Drone x2  
  47  4:15  Queen  
  48  4:29  Zergling x8  
  48  4:30  Zergling x6  
  55  4:38  Lair  
  55  4:43  Spore Crawler  
  54  4:46  Spore Crawler  
  54  4:47  Spore Crawler  
  54  4:50  Drone x4  
  54  4:51  Drone  
  57  4:59  Drone  
  58  5:00  Overlord x2  
  58  5:08  Extractor  
  57  5:18  Drone  
  57  5:19  Drone x2  
  57  5:20  Drone x5  
  65  5:27  Zergling x2  
  65  5:28  Zergling x8  
  70  5:36  Hydralisk Den  
  70  5:41  Evolution Chamber  
  70  5:42  Drone x5  
  73  5:43  Drone  
  73  5:47  Overlord x2  
  73  5:49  Overlord  
  74  5:53  Extractor  
  74  5:54  Extractor  
  72  6:06  Muscular Augments  
  72  6:07  Zerg Missile Weapons Level 1, Zerg Melee Weapons Level 2  
  72  6:08  Hydralisk  
  72  6:09  Hydralisk x2  
  72  6:11  Hydralisk  
  80  6:20  Pneumatized Carapace  
  80  6:25  Centrifical Hooks  
  80  6:32  Spore Crawler  
  79  6:35  Spore Crawler  
  79  6:37  Spore Crawler  
  77  6:43  Hydralisk x3  
  83  6:59  Overlord x3  
  83  7:00  Overlord x3  
  83  7:17  Grooved Spines  
  83  7:19  Drone x13  
  96  7:30  Hydralisk  
  96  7:31  Hydralisk x6  
  109  7:53  Hydralisk  
  109  7:54  Hydralisk x6  
  123  8:03  Zerg Missile Weapons Level 2  
  123  8:16  Hydralisk x3  
  123  8:19  Overlord x7  
  129  8:43  Spire  
  129  8:44  Infestation Pit  
  127  8:58  Overseer  
  127  9:17  Hatchery  
  107  9:39  Zergling x28  
  107  9:40  Zergling x22  
  130  9:52  Overseer  
  128  10:03  Hive  
  128  10:19  Zergling x2  
  128  10:20  Zergling x20  
  104  10:55  Drone  
  101  11:12  Corruptor  
  101  11:13  Corruptor x16  
  135  11:30  Corruptor x2  
  135  11:36  Extractor x2  
  135  11:38  Drone x3  
  135  11:39  Drone x2  
  128  11:57  Zergling x2  
  128  11:58  Zergling x24  
  128  11:59  Zergling x2  
Show
View Real Time Build Order
Export as new Build Order

PmGab Protoss 

Build Orders: 1 Gate Expand, Oracle Opening 

Get SALT Encoding   

  12  0:00  Probe  
  13  0:13  Probe  
  14  0:19  Pylon  
  14  0:25  Probe  
  15  0:33  Probe  
  15  0:41  Probe, Gateway  
  17  0:54  Pylon  
  17  0:55  Probe  
  18  1:01  Assimilator  
  18  1:10  Probe  
  19  1:22  Probe  
  20  1:34  Probe  
  20  1:37  Nexus  
  21  1:47  Probe  
  21  1:50  Assimilator  
  22  1:59  Cybernetics Core  
  22  2:13  Gateway  
  22  2:28  Probe, Gateway  
  23  2:42  Pylon  
  23  2:51  Probe  
  22  2:53  Probe  
  24  2:59  Probe  
  24  3:01  Probe  
  24  3:02  Warp Gate  
  26  3:06  Stargate  
  26  3:13  Probe, Gateway  
  26  3:16  Probe  
  28  3:21  Probe  
  29  3:31  Probe x2  
  31  3:39  Assimilator  
  31  3:43  Probe x2  
  31  3:44  Assimilator  
  33  3:49  Pylon  
  33  3:52  Oracle  
  33  3:55  Probe x2  
  38  4:06  Stargate  
  38  4:07  Probe x2  
  38  4:09  Pylon  
  40  4:17  Probe  
  40  4:19  Probe  
  42  4:25  Probe  
  42  4:29  Phoenix  
  45  4:32  Probe  
  45  4:36  Pylon, Probe  
  46  4:44  Pylon, Probe  
  48  4:47  Phoenix  
  48  4:51  Phoenix  
  48  4:54  Stargate  
  48  4:58  Pylon  
  35  5:18  Probe x2  
  37  5:30  Probe x2  
  39  5:37  Phoenix x2  
  39  5:38  Phoenix  
  39  5:42  Probe  
  46  5:55  Probe x2  
  48  6:02  Forge  
  48  6:03  Forge  
  48  6:07  Probe x2  
  50  6:16  Probe x2  
  50  6:24  Probe x2  
  54  6:34  Probe x2  
  56  6:44  Zealot x3  
  56  6:45  Zealot  
  56  6:46  Probe  
  65  6:47  Phoenix  
  67  7:04  Photon Cannon  
  67  7:09  Photon Cannon  
  67  7:13  Pylon  
  67  7:14  Probe  
  68  7:16  Fleet Beacon  
  68  7:31  Protoss Ground Weapons Level 1  
  68  7:33  Zealot x4  
  76  7:37  Probe x2, Twilight Council  
  76  7:39  Protoss Ground Armor Level 1  
  78  8:06  Charge  
  78  8:24  Phoenix  
  78  8:25  Phoenix x2  
  84  8:46  Photon Cannon  
  84  8:52  Photon Cannon  
  84  8:55  Photon Cannon  
  84  8:58  Photon Cannon  
  80  9:27  Carrier x3  
  98  9:43  Graviton Catapult  
  98  9:57  Zealot x2  
  94  10:32  Zealot x4  
  54  10:53  Zealot x4  
  58  11:16  Pylon  
  55  11:37  Zealot  
  62  11:44  Pylon  
  60  11:47  Pylon  
Show
View Real Time Build Order
Export as new Build Order

Reinhearth Terran 

Build Orders: Cyclone Opening 

Get SALT Encoding   

  12  0:00  SCV  
  13  0:13  SCV  
  14  0:18  Supply Depot  
  14  0:25  SCV  
  15  0:40  SCV  
  15  0:41  Barracks  
  16  0:52  SCV, Refinery  
  17  1:04  SCV  
  18  1:26  Command Center  
  18  1:30  SCV  
  19  1:37  Refinery  
  19  1:43  SCV  
  20  1:55  SCV  
  20  2:00  Factory  
  21  2:07  SCV  
  22  2:09  Barracks Reactor  
  22  2:19  SCV  
  23  2:27  Supply Depot  
  23  2:38  SCV, Orbital Command  
  24  2:55  Cyclone x2  
  30  3:03  Orbital Command  
  30  3:07  SCV  
  31  3:19  SCV  
  35  3:27  Cyclone x2  
  35  3:30  SCV  
  35  3:31  SCV  
  40  3:42  SCV  
  40  3:43  SCV  
  40  3:44  Supply Depot  
  40  3:46  Engineering Bay  
  42  3:54  SCV  
  44  3:55  SCV  
  44  4:05  Refinery, Cyclone x2  
  44  4:09  SCV x2  
  52  4:12  Refinery  
  52  4:17  Supply Depot  
  52  4:21  SCV x2  
  54  4:35  Missile Turret  
  54  4:39  SCV x2, Cyclone  
  59  4:46  Armory  
  59  4:50  Armory  
  59  4:51  SCV  
  60  4:54  SCV  
  60  4:55  Missile Turret  
  61  5:05  Supply Depot  
  61  5:14  Cyclone  
  61  5:18  Missile Turret  
  57  5:23  SCV x2  
  59  5:35  SCV x2  
  58  5:45  Sensor Tower  
  58  5:46  Terran Vehicle Weapons Level 1  
  58  5:47  SCV x2, Terran Vehicle And Ship Armor Level 1  
  60  5:55  Sensor Tower  
  60  5:56  Cyclone  
  63  5:59  SCV  
  64  6:05  Factory  
  64  6:09  Supply Depot, Hi-Sec Auto Tracking  
  64  6:11  SCV  
  64  6:12  Supply Depot  
  64  6:18  Cyclone  
  68  6:30  Sensor Tower  
  68  6:31  Cyclone  
  71  6:41  Supply Depot  
  71  6:42  Supply Depot x3  
  71  6:44  Supply Depot  
  71  6:49  Factory Reactor  
  71  6:51  Factory Tech Lab  
  71  6:53  Cyclone  
  74  7:02  SCV x2  
  76  7:10  Rapid Fire Launchers  
  76  7:11  Cyclone  
  76  7:14  SCV x2  
  81  7:22  Command Center  
  81  7:40  Terran Vehicle Weapons Level 2  
  81  7:41  Terran Vehicle And Ship Armor Level 2  
  81  7:46  Factory Tech Lab  
  81  7:47  Siege Tank  
  84  8:06  Supply Depot  
  84  8:07  Siege Tank  
  84  8:08  Supply Depot  
  84  8:10  Supply Depot  
  87  8:19  Siege Tank  
  90  8:39  Siege Tank, Missile Turret x2  
  90  8:40  Orbital Command  
  93  8:41  Missile Turret  
  93  8:42  Missile Turret  
  93  8:51  Siege Tank  
  96  9:02  Missile Turret  
  96  9:04  Missile Turret x2  
  96  9:11  Siege Tank  
  97  9:23  Siege Tank  
  83  9:43  Siege Tank  
  86  9:51  SCV x3  
  83  9:55  Siege Tank  
  86  10:03  SCV x3  
  89  10:15  SCV x3  
  89  10:16  Siege Tank  
  92  10:27  SCV, Cyclone  
  92  10:28  SCV x2  
  95  10:39  SCV  
  95  10:40  SCV x2  
  95  10:48  Siege Tank  
  80  10:51  SCV  
  80  10:52  SCV  
  76  10:59  Thor  
  78  11:09  SCV x3  
  81  11:20  Siege Tank  
  81  11:21  SCV x2  
  83  11:42  SCV x2  
  83  11:43  SCV  
  98  11:54  SCV  
  98  11:55  SCV  
Tags
 
Add a new tag
Caveats
  • Supply blocks, unpowered buildings, or Contaminate may cause inaccurate times.
  • Supply counts are checked every 10 seconds.